Map: Odyssey LE

Players

yostinfdh - Winner!

  • Race: Zerg Zerg
  • League: Silver
  • Spawn Location: 11:00

Yata

  • Race: Zerg Zerg
  • League: Bronze
  • Spawn Location: 5:00

VOD

Have the link to the VOD?

Description

Time

  • Played on: July 7, 2017, 6:41 p.m.
  • Length: 8:28
Show
View Real Time Build Order
Export as new Build Order

yostinfdh Zerg - Winner!

Build Orders: Hatch First 

Get SALT Encoding   

  12  0:01  Drone  
  13  0:08  Drone  
  14  0:17  Overlord  
  14  0:36  Drone x3  
  17  0:56  Hatchery  
  16  0:58  Extractor  
  16  0:59  Drone  
  16  1:19  Spawning Pool  
  15  1:29  Drone  
  15  1:30  Drone x2  
  18  1:43  Drone  
  19  1:55  Overlord  
  19  2:01  Extractor  
  19  2:02  Drone  
  19  2:16  Zergling x2  
  19  2:17  Zergling x2  
  19  2:21  Zergling x2  
  22  2:22  Queen  
  22  2:25  Queen  
  22  2:29  Drone x2  
  28  2:31  Metabolic Boost  
  28  2:42  Drone x2  
  30  2:47  Zergling x2  
  31  3:05  Zergling x2  
  32  3:08  Drone  
  32  3:09  Drone  
  34  3:27  Pneumatized Carapace  
  33  3:55  Zergling x4  
  35  3:59  Overlord x3  
  35  4:20  Zergling x12  
  35  4:21  Zergling x8  
  45  4:27  Baneling Nest  
  44  4:31  Zergling x2  
  44  4:32  Zergling x4  
  46  4:46  Zergling x6  
  46  4:52  Zergling x2  
  48  4:59  Drone x2  
  44  5:23  Hatchery  
  44  5:26  Zergling x4  
  36  5:31  Zergling x6  
  36  5:32  Zergling x4  
  36  5:57  Roach Warren  
  35  6:07  Drone x5  
  35  6:08  Drone  
  39  6:30  Zergling x2  
  39  6:31  Zergling x6  
  43  6:33  Baneling x2  
  43  6:40  Drone  
  43  6:41  Queen  
  46  6:49  Overlord x2, Extractor  
  45  7:07  Lair, Evolution Chamber  
  44  7:09  Evolution Chamber  
  43  7:19  Roach x5  
  43  7:20  Roach x7  
  67  7:36  Drone x2  
  60  7:40  Zergling x6  
  63  7:48  Zergling x12  
  69  8:09  Overseer  
  69  8:11  Zergling x2  
Show
View Real Time Build Order
Export as new Build Order

Yata Zerg 

Build Orders: Hatch First 

Get SALT Encoding   

  12  0:01  Drone  
  13  0:13  Overlord  
  13  0:20  Drone  
  14  0:31  Drone  
  14  0:35  Drone  
  16  0:36  Drone  
  17  0:46  Drone  
  18  0:57  Hatchery  
  17  1:00  Drone  
  18  1:05  Extractor  
  17  1:21  Spawning Pool  
  17  1:24  Drone x2  
  18  1:30  Drone  
  19  1:51  Overlord  
  19  2:06  Drone  
  20  2:09  Metabolic Boost  
  20  2:12  Queen  
  20  2:13  Queen  
  24  2:17  Drone x2  
  24  2:21  Drone  
  27  2:23  Zergling x2  
  28  2:33  Zergling x2  
  29  2:39  Drone  
  30  2:47  Drone x2, Baneling Nest  
  31  3:15  Drone x2  
  31  3:16  Drone x3  
  36  3:37  Overlord x3  
  36  3:47  Hatchery  
  34  3:54  Queen  
  36  3:58  Zergling x2  
  34  4:31  Baneling x2  
  23  4:32  Queen  
  23  4:38  Zergling x12  
  27  4:53  Zergling x2  
  27  4:54  Zergling x10  
  27  4:57  Queen  
  35  5:03  Spine Crawler  
  35  5:05  Spine Crawler  
  35  5:06  Baneling x4  
  33  5:08  Zergling x2  
  33  5:09  Zergling x2  
  19  5:29  Zergling x2  
  19  5:30  Zergling x4  
  19  5:32  Drone  
  22  5:44  Drone  
  23  5:56  Drone  
  24  5:57  Hatchery  
  24  5:58  Queen  
  24  6:04  Drone  
  25  6:15  Zergling x2  
  25  6:30  Drone  
  25  6:32  Zergling x6  
  27  6:55  Baneling x5  
  27  7:01  Drone x2  
  27  7:02  Drone  
  27  7:07  Extractor  
  29  7:11  Roach Warren  
  25  7:39  Overlord, Drone  
  25  7:40  Overlord  
  26  7:51  Hatchery  
Tags
 
Matchup
ZvZ
Race
Zerg
Replay Pack
Pack 1
Spawn Locations
Cross Positions
Add a new tag
Caveats
  • Supply blocks, unpowered buildings, or Contaminate may cause inaccurate times.
  • Supply counts are checked every 10 seconds.